 Dungeon Crawl Stone Soup version 0.14-a0-2632-gd2f732a (webtiles) character file.

194 Jenx the Scratcher (level 4, -1/21 HPs)
             Began as a Felid Monk on Feb 15, 2014.
             Slain by a giant frog (9 damage)
             ... in a sewer.
             The game lasted 00:10:21 (3509 turns).

Jenx the Scratcher (Felid Monk)                     Turns: 3509, Time: 00:10:21

HP  -1/21        AC  1     Str  8      XL: 4   Next: 34%
MP   7/7         EV 19     Int 11      God:
Gold 103         SH  0     Dex 18      Spells:  0 memorised,  3 levels left
Lives: 0, deaths: 1

rFire  . . .     SeeInvis +       - Unarmed
rCold  . . .     Clarity  .     (armour unavailable)
rNeg   . . .     Conserve .     (shield unavailable)
rPois  .         rCorr    .     (helmet unavailable)
rElec  .         rRot     .     (cloak unavailable)
SustAb . .       Spirit   .     (gloves unavailable)
rMut   .         Warding  .     (boots unavailable)
Saprov . . .     Stasis   .     (no amulet)
MR     .....                    (no ring)
                                (no ring)

@: exhausted, quick, not resistant to hostile enchantments, quite stealthy
A: paw claws, no armour, no weapons or thrown items, fangs 3, see invisible,
carnivore 3, speed 1, shaggy fur 1, slow metabolism 1, jump 1
a: Jump Attack


You were in a sewer.
You were full.

You visited 1 branch of the dungeon, and saw 3 of its levels.
You also visited: Sewer.

You collected 103 gold pieces.

Inventory:

Comestibles
 b - 2 meat rations
Scrolls
 d - a scroll of immolation
 e - 3 scrolls of identify
 g - 3 scrolls of amnesia
 h - a scroll of teleportation
 i - 3 scrolls of remove curse
Jewellery
 l - an uncursed ring of ice
Potions
 a - a potion of lignification
 c - a potion of heal wounds


   Skills:
 + Level 3.0 Fighting
 - Level 4.0 Dodging
 - Level 4.2 Stealth
 * Level 4.8 Unarmed Combat


You had 3 spell levels left.
You didn't know any spells.

Dungeon Overview and Level Annotations

Branches:
Dungeon (3/16)

Altars:
Cheibriados
Zin


Innate Abilities, Weirdness & Mutations

You cannot wear armour.
You are incapable of wielding weapons or throwing items.
Your paws have sharp claws.
You have razor-sharp teeth.
You have supernaturally acute eyesight.
You are carnivorous and can eat meat at any time.
You cover ground quickly.
You are covered in fur (AC +1).
You have a slow metabolism.
You can jump attack at a short distance.


Message History

You scratch the giant frog.
The giant frog begins to bleed from its wounds!
The giant frog is moderately wounded.
The giant frog misses you.
You scratch the giant frog.
You bite the giant frog, but do no damage.
The giant frog is heavily wounded.
The giant frog misses you. The giant frog completely misses you.
The giant frog hits you.
You closely miss the giant frog.
The giant frog is heavily wounded.
The giant frog barely misses you. The giant frog hits you.
Use which ability? (? or * to list)
Aiming: Jump Attack
Press: ? - help, Dir - move target cursor Really jump-attack where there is no visible monster?
You jump-attack!
There is nothing there, so you fail to move!
You feel somewhat less full. The giant frog hits you!
You die...

≈≈≈#########
......'.≈≈.####
......'.≈≈.≈≈≈###
...########≈.≈≈.#
.### ###...# .#
##≈≈# .# #.≈# ##
#≈.### # #.≈@≈# #
##FF≈# ##..# #≈≈#
#≈≈# .≈.# .≈≈#
####


You could see 2 giant frogs.

Vanquished Creatures
  A worker ant (D:3)
  4 adders (D:2)
  3 giant mites
  2 worms (D:2)
  5 giant geckos
  An ooze (D:2)
  8 ball pythons (Sewer)
  5 bats
  3 giant cockroaches
  3 goblins
  4 hobgoblins
  7 kobolds
  6 giant newts
  5 rats
57 creatures vanquished.

Notes
Turn   | Place    | Note
--------------------------------------------------------------
     0 | D:1      | Jenx, the Felid Monk, began the quest for the Orb.
     0 | D:1      | Reached XP level 1. HP: 9/9 MP: 2/2
   309 | D:1      | Reached XP level 2. HP: 13/13 MP: 3/3
  1309 | D:2      | Reached XP level 3. HP: 2/16 MP: 5/5
  2078 | D:2      | Found a snail-covered altar of Cheibriados.
  2079 | D:2      | Found a glowing silver altar of Zin.
  2542 | D:2      | Reached XP level 4. HP: 13/20 MP: 7/7
  3211 | D:3      | Killed from afar by an orc wizard
  3212 | D:3      | Reached XP level 3. HP: 0/16 MP: 5/5
  3287 | D:3      | Found a glowing drain.
  3297 | D:3      | Reached XP level 4. HP: 18/20 MP: 7/7
  3336 | Sewer    | Entered a sewer
  3498 | Sewer    | Noticed a giant frog
  3504 | Sewer    | Noticed a giant frog
  3509 | Sewer    | Slain by a giant frog

Action                   |  1- 3 |  4- 6 || total
-------------------------+-------+-------++-------
Melee: Unarmed           |   117 |    66 ||   183
 Abil: Jump Attack       |     1 |     2 ||     3
  Use: Scroll            |       |     5 ||     5
       Potion            |       |     2 ||     2
 Stab: Sleeping          |    10 |       ||    10
